 Dungeon Crawl Stone Soup version 0.28-b1-25-g9875b3fc8c (webtiles) character file.

Game seed: 16601189088986027842

151 tilp the Magician (level 5, -10/38 HPs)
             Began as a Djinni Summoner on Feb 6, 2022.
             Mangled by a wyvern zombie (12 damage)
             ... on level 3 of the Dungeon.
             The game lasted 00:05:20 (4065 turns).

tilp the Magician (Djinni Summoner)                 Turns: 4065, Time: 00:05:21

Health: -10/38     AC:  3    Str:  7    XL:     5   Next: 59%
Gold:   139        EV: 12    Int: 18    God:
                   SH:  0    Dex: 14

rFire   + + .      SeeInvis .   a - +1 dagger
rCold   x . .      Faith    .   (no shield)
rNeg    . . .      Spirit   .   c - +1 robe
rPois   ∞          Reflect  .   (no helmet)
rElec   .          Harm     .   (no cloak)
rCorr   .          Rampage  .   (no gloves)
Will    .....                   (boots unavailable)
Stlth   ++........              (no amulet)
HPRegen 0.12/turn               (no ring)
MPRegen 0.00/turn               (no ring)

@: flying
A: sickness immunity, fire resistance 2, cold vulnerability 1, float, innate
caster, HP casting, extra vitality 1
a: no special abilities


You were on level 3 of the Dungeon.
You visited 1 branch of the dungeon, and saw 3 of its levels.

You collected 139 gold pieces.

Inventory:

Hand Weapons
 a - a +1 dagger (weapon)
Missiles
 f - 34 stones
Armour
 c - a +1 robe (worn)
Magical Staves
 b - a staff of death
Jewellery
 j - the ring of Divine Intervention {Ice rN+}
   (You found it on level 2 of the Dungeon)

   [ring of ice]

   It enhances your ice magic.
   rF:        It makes you vulnerable to fire.
   rC:        It protects you from cold.
   rN:        It protects you from negative energy.
Scrolls
 e - a scroll of identify
 g - a scroll of enchant armour
Potions
 d - a potion of attraction {unknown}
 i - a potion of might {unknown}
 k - 2 potions of invisibility {unknown}


   Skills:
 - Level 2.0 Fighting
 - Level 2.1 Dodging
 - Level 1.5 Stealth
 + Level 4.7 Spellcasting


You couldn't memorise any spells.
You knew the following spells:

 Your Spells              Type           Power      Damage    Failure   Level
a - Summon Small Mammal   Summ           84%        N/A       1%          1
b - Call Imp              Summ           21%        N/A       3%          2
c - Call Canine Familiar  Summ           21%        N/A       6%          3
d - Summon Guardian Gole  Hex/Summ       21%        N/A       6%          3
e - Summon Lightning Spi  Summ/Air       21%        N/A       19%         4
f - Apportation           Tloc           42%        N/A       1%          1
g - Ensorcelled Hibernat  Hex/Ice        42%        N/A       3%          2
Your spell library was empty.

Dungeon Overview and Level Annotations

Branches:
Dungeon (3/15)

Altars:
Okawaru

Shops:
D:2 :


Innate Abilities, Weirdness & Mutations

You are immune to sickness and miasma.
You are immune to poison.
Your flesh is very heat resistant. (rF++)
You are vulnerable to cold. (rC-)
You float through the air rather than walking.
You learn spells naturally, not from books.
Your magical power is your life essence.
You have superior vitality. (+4 MHP)


Message History

Found a stone staircase leading up.
k - 2 sedimented amethyst potions (gained 1)
There is a stone staircase leading up here.
You now have 139 gold pieces (gained 12).
A giant cockroach comes into view.
The helpless giant cockroach fails to defend itself.
You puncture the giant cockroach!
You kill the giant cockroach!
A wyvern zombie comes into view.
Casting: Ensorcelled Hibernation (safe; 3% risk of failure)
Confirm with . or Enter, or press ? or * to list all spells.
The wyvern zombie closely misses your hound.
Unknown command.
Casting: Call Canine Familiar (dangerous; 6% risk of failure)
Confirm with . or Enter, or press ? or * to list all spells.
A shadowy apparition takes form in the air.
The wyvern zombie bites your hound!
Your hound barely misses the wyvern zombie.
Your hound bites the wyvern zombie.
The wyvern zombie bites your hound.
Your hound bites the wyvern zombie but does no damage.
Found a grey potion.
The wyvern zombie bites you!
Your hound bites the wyvern zombie.
The wyvern zombie bites your hound!
Your hound dies!
Your hound's corpse disappears in a puff of smoke!
You hit the wyvern zombie.
The wyvern zombie is lightly damaged.
The wyvern zombie bites you!
* * * LOW HITPOINT WARNING * * *
Unknown command.
Your shadow imp barely misses the wyvern zombie.
Your shadow imp hits the wyvern zombie.
The wyvern zombie bites you.
* * * LOW HITPOINT WARNING * * *
Your shadow imp hits the wyvern zombie.
Okay, then.
The wyvern zombie bites you.
* * * LOW HITPOINT WARNING * * *
You see here a +0 dagger.
The wyvern zombie bites you!
You die...

...### #.# .....# #.# ...#.# #.#
### .....#####.######## ##.##
..................###.#.## #####
......#####.#####.##.###.####....
...#..# #.##.........#......###
......# #.##.##.##.#<.....#.#
#...#.# #....Z@.###.#..##...#
#...#.# ##.#)##.# ##.#.####.###
......# #.#.##.# ###.####.#..
#...### ##.#....# ####.........
#...# #.......# ......###....
#...#######.5.....#.......# #....
..........#.####..#.... ..# #....
...................... ###..
..........#5...#..#.. ###..


You could see a wyvern zombie.

Vanquished Creatures
  A sky beast (D:3)
  3 giant cockroaches
  2 goblins
  3 ball pythons (D:2)
  2 bats
  3 frilled lizards (D:2)
  A kobold (D:2)
  2 rats
17 creatures vanquished.

Vanquished Creatures (collateral kills)
  An adder (D:2)
  A worm (D:2)
  An orc (D:2)
  3 ball pythons
  6 bats
  An endoplasm (D:1)
  A giant cockroach (D:1)
  3 hobgoblins
  3 jackals
  3 kobolds
  2 quokkas
  2 goblins (D:1)
  3 rats
30 creatures vanquished.

Grand Total: 47 creatures vanquished

Notes
Turn   | Place    | Note
-------+----------+-------------------------------------------
     0 | D:1      | tilp the Djinni Summoner began the quest for the Orb.
     0 | D:1      | Reached XP level 1. HP: 15/15 MP: 0/0
   222 | D:1      | Reached XP level 2. HP: 14/22 MP: 0/0
   454 | D:1      | Reached skill level 1 in Fighting
  1861 | D:1      | Reached XP level 3. HP: 6/27 MP: 0/0
  1861 | D:1      | Learned a level 1 spell: Apportation
  2204 | D:1      | Found a faded altar of an unknown god.
  2617 | D:2      | Found an iron altar of Okawaru.
  3039 | D:2      | Reached XP level 4. HP: 16/33 MP: 0/0
  3325 | D:2      | Found Quajan's Book Shop.
  3420 | D:2      | Identified the ring of Divine Intervention {Ice rN+}
  3655 | D:3      | Noticed a sky beast
  3665 | D:3      | Killed a sky beast
  3666 | D:3      | Reached skill level 4 in Spellcasting
  3666 | D:3      | Reached XP level 5. HP: 7/38 MP: 0/0
  3666 | D:3      | Learned a level 2 spell: Ensorcelled Hibernation
  4065 | D:3      | Mangled by a wyvern zombie

Illustrated notes

Levels and vault maps discovered:
D:1:      tarquinn_simple_flora_water_d, layout_basic,
          dilly_ecumenical_altar_fadedgnrine, chequers_serial_rivers_micro_c
D:2:      minmay_diamond_boxcup, layout_basic, serial_shops,
          nicolae_shop_statue_plus, basic_altar, minmay_misc_feat_alley
D:3:      layout_loops_cross, minmay_cut_off, uniq_terence

Skill      XL: |  1  2  3  4 |
---------------+-------------+-----
Fighting       | 1 2 |  2.0
Spellcasting   | 4 |  4.7
Dodging        | |  2.1
Stealth        | |  1.5

Action                   |  1- 3 |  4- 6 || total
-------------------------+-------+-------++-------
Melee: Unarmed           |     6 |       ||     6
       Dagger            |    74 |    25 ||    99
 Cast: Summon Small Mamm |     8 |     1 ||     9
       Call Imp          |    29 |     4 ||    33
       Call Canine Famil |       |     3 ||     3
       Ensorcelled Hiber |       |     2 ||     2
  Use: Scroll            |     3 |     2 ||     5
 Stab: Sleeping          |     6 |     4 ||    10
       Distracted        |       |     1 ||     1
Armor: Robe              |    31 |     6 ||    37
Dodge: Dodged            |    86 |     9 ||    95
